 Dungeon Crawl Stone Soup version 0.22.0-27-ga576289 (webtiles) character file.

3435 Monsterracer the Grappler (level 9, 0/88 HPs)
             Began as a Troll Enchanter on Aug 21, 2018.
             Was an Elder of Makhleb.
             Slain by melvinkitnick's ghost (15 damage)
             ... on level 8 of the Dungeon.
             The game lasted 00:08:26 (5513 turns).

Monsterracer the Grappler (Troll Enchanter)         Turns: 5513, Time: 00:08:27

Health: 0/88       AC:  5    Str: 18    XL:     9   Next: 77%
Magic:  11/11      EV:  8    Int: 11    God:    Makhleb [****..]
Gold:   371        SH: 10    Dex: 11    Spells: 10/10 levels left

rFire    . . .     SeeInvis .     - Unarmed
rCold    . . .     Gourm    +   k - +1 shield
rNeg     . . .     Faith    .   b - +0 robe
rPois    .         Spirit   .   (helmet restricted)
rElec    .         Reflect  .   (no cloak)
rCorr    .         Harm     .   (gloves unavailable)
MR       .....                  (boots unavailable)
Stlth    ++........             (no amulet)
HPRegen  0.64/turn              g - -2 ring of dexterity (curse)
MPRegen  0.12/turn              (no ring)

@: no status effects
A: large, unfitting armour, claws 3, fast metabolism 3, gourmand, regeneration
1, shaggy fur 1, tough skin 2
a: Minor Destruction, Lesser Servant of Makhleb, Major Destruction, Renounce
Religion


You were on level 8 of the Dungeon.
You worshipped Makhleb.
Makhleb was greatly pleased with you.
You were not hungry.

You visited 1 branch of the dungeon, and saw 8 of its levels.
You also visited: Sewer.

You collected 371 gold pieces.

Inventory:

Missiles
 s - a throwing net (quivered)
Armour
 b - a +0 robe (worn)
 k - a +1 shield (worn)
Jewellery
 g - a cursed -2 ring of dexterity (left claw)
 h - an uncursed ring of fire
Wands
 l - a wand of disintegration (13)
 r - a wand of enslavement (7)
Scrolls
 e - 2 scrolls of enchant armour
 i - 3 scrolls of remove curse
 q - a scroll of blinking
Potions
 a - a potion of heal wounds
 d - 4 potions of flight
 f - 4 potions of curing
 j - 2 potions of resistance
 m - a potion of haste {unknown}
 n - a potion of mutation {unknown}
 o - a potion of ambrosia {unknown}
 p - a potion of agility {unknown}
Comestibles
 c - 20 rations


   Skills:
 + Level 5.2 Fighting
   Level 0.7 Short Blades
 - Level 1.5 Dodging
 - Level 1.5 Stealth
 + Level 4.7 Shields
 * Level 9.2 Unarmed Combat
 - Level 1.2 Spellcasting
   Level 2.0 Hexes
 + Level 4.9 Invocations


You had 10 spell levels left.
You didn't know any spells.
Your spell library contained the following spells:

 Spells                   Type           Power        Failure   Level  Hunger
 Corona                   Hex            #......      34%         1    ##.....
 Ensorcelled Hibernation  Hex/Ice        #.....       61%         2    ###....
 Confuse                  Hex            #.......     71%         3    ####...
 Tukima's Dance           Hex            #.......     71%         3    ####...
 Dazzling Spray           Conj/Hex       #.....       83%         3    ####...


Dungeon Overview and Level Annotations

Branches:
Dungeon (8/15)             Temple (0/1) D:4
   Lair: D:8-11

Altars:
Makhleb
Trog

Shops:
D:7 (

Annotations:
D:8 melvinkitnick's ghost, novice GnAK


Innate Abilities, Weirdness & Mutations

You are too large for most types of armour.
You have claws for hands.
Your metabolism is lightning-fast.
You like to eat raw meat.
Your natural rate of healing is unusually fast.
You are covered in fur. (AC +1)
You have very tough skin. (AC +2)


Message History

You hear the creaking of a portcullis nearby.
Melvinkitnick's ghost hits you!
You take 6 damage, and have 47/87 hp.
You claw melvinkitnick's ghost!
Melvinkitnick's ghost is severely damaged.
You block melvinkitnick's ghost's attack.
You barely miss melvinkitnick's ghost.
Melvinkitnick's ghost is severely damaged.
Melvinkitnick's ghost hits you!
* * * LOW HITPOINT WARNING * * *
You take 11 damage, and have 36/87 hp.
You scratch melvinkitnick's ghost but do no damage.
Melvinkitnick's ghost is severely damaged.
You barely miss melvinkitnick's ghost.
Melvinkitnick's ghost is severely damaged.
Melvinkitnick's ghost hits you.
* * * LOW HITPOINT WARNING * * *
You take 1 damage, and have 35/87 hp.
You closely miss melvinkitnick's ghost.
Melvinkitnick's ghost is severely damaged.
Melvinkitnick's ghost hits you.
* * * LOW HITPOINT WARNING * * *
You take 4 damage, and have 31/87 hp.
Unknown command.
You scratch melvinkitnick's ghost but do no damage.
Melvinkitnick's ghost is severely damaged.
You block melvinkitnick's ghost's attack.
You barely miss melvinkitnick's ghost.
Melvinkitnick's ghost is severely damaged.
Melvinkitnick's ghost hits you!
* * * LOW HITPOINT WARNING * * *
You take 6 damage, and have 26/87 hp.
You closely miss melvinkitnick's ghost.
Melvinkitnick's ghost is severely damaged.
You block melvinkitnick's ghost's attack.
You scratch melvinkitnick's ghost but do no damage.
Melvinkitnick's ghost is severely damaged.
You scratch melvinkitnick's ghost but do no damage.
Melvinkitnick's ghost is severely damaged.
You block melvinkitnick's ghost's attack.
You closely miss melvinkitnick's ghost.
Melvinkitnick's ghost is severely damaged.
Melvinkitnick's ghost hits you.
* * * LOW HITPOINT WARNING * * *
You closely miss melvinkitnick's ghost.
Melvinkitnick's ghost is severely damaged.
Melvinkitnick's ghost hits you.
* * * LOW HITPOINT WARNING * * *
You take 4 damage, and have 23/87 hp.
You scratch melvinkitnick's ghost but do no damage.
Melvinkitnick's ghost is severely damaged.
Melvinkitnick's ghost says, "What a barren place.
A pity you won't get a chance to visit the Abyss!"
You block melvinkitnick's ghost's attack.
You mangle melvinkitnick's ghost!!
Melvinkitnick's ghost is almost destroyed.
Melvinkitnick's ghost hits you!
* * * LOW HITPOINT WARNING * * *
You take 12 damage, and have 12/87 hp.
You barely miss melvinkitnick's ghost.
Melvinkitnick's ghost is almost destroyed.
Melvinkitnick's ghost hits you!
* * * LOW HITPOINT WARNING * * *
You take 9 damage, and have 3/87 hp.
You feel much better. Melvinkitnick's ghost hits you!
* * * LOW HITPOINT WARNING * * *
You regained 5 hp, and now have 8/88 hp.
You feel much better.
Melvinkitnick's ghost completely misses you.
You regained 16 hp, and now have 24/88 hp.
You scratch melvinkitnick's ghost.
Melvinkitnick's ghost is almost destroyed.
Melvinkitnick's ghost hits you!
* * * LOW HITPOINT WARNING * * *
You take 11 damage, and have 13/88 hp.
You scratch melvinkitnick's ghost.
Melvinkitnick's ghost is almost destroyed.
Melvinkitnick's ghost barely misses you.
You scratch melvinkitnick's ghost but do no damage.
Melvinkitnick's ghost is almost destroyed.
You scratch melvinkitnick's ghost but do no damage.
Melvinkitnick's ghost is almost destroyed.
You block melvinkitnick's ghost's attack.
You scratch melvinkitnick's ghost but do no damage.
Melvinkitnick's ghost is almost destroyed.
Melvinkitnick's ghost hits you.
* * * LOW HITPOINT WARNING * * *
You take 1 damage, and have 14/88 hp.
Unknown command.
Evoke which item? (* to show all) (? for menu, Esc to quit)
Aiming: Disintegrate
Press: ? - help, Shift-Dir - straight line, f - melvinkitnick's ghost
Aim: melvinkitnick's ghost, wielding a weapon of protection (almost destroyed, chance to defeat MR: 26%) Melvinkitnick's ghost easily resists.
You block melvinkitnick's ghost's attack.
Evoke which item? (* to show all) (? for menu, Esc to quit)
Aiming: Disintegrate
Press: ? - help, Shift-Dir - straight line, f/p - melvinkitnick's ghost
Aim: melvinkitnick's ghost, wielding a weapon of protection (almost destroyed, chance to defeat MR: 26%) Melvinkitnick's ghost easily resists.
Melvinkitnick's ghost hits you!
You die...

#.# #...<..#.### #.#
##).....#...
#.###.......#.#######
#...[.........(.....
#######.....#.....#
#...#.#.....#
#...........#
#..##.......#
#..####@##..# .....
#.W.# .# ..#..# #.≈.#
..#. #.≈.# #.≈.#
#.$$# #####


You could see melvinkitnick's ghost.

Vanquished Creatures
  A hornet (D:7)
  A troll (D:7)
  A hippogriff (D:7)
  A hungry ghost (D:7)
  An orc warrior (D:7)
  4 ice beasts
  A sky beast (D:8)
  A necrophage (D:7)
  2 black bears (D:6)
  3 ogres
  A big kobold (Sewer)
  2 centaurs
  3 bullfrogs (D:6)
  A wyvern skeleton (D:8)
  A scorpion (D:5)
  4 crimson imps
  2 quasits (D:8)
  A hound (D:6)
  A bullfrog skeleton (D:6)
  5 orc priests
  9 orc wizards
  An iguana (D:7)
  Terence (D:2)
  Natasha (thrice) (D:2)
  2 worker ants
  A hound skeleton (D:4)
  3 river rats (Sewer)
  11 adders
  An adder zombie (D:7)
  An adder skeleton (D:5)
  5 worms
  3 dart slugs
  4 leopard geckos
  34 orcs
  7 giant cockroaches
  15 goblins
  7 hobgoblins
  8 jackals
  12 kobolds
  A quokka (D:4)
  2 ball pythons (D:6)
  4 bats
  A frilled lizard (D:1)
  A leopard gecko skeleton (D:7)
  10 rats
184 creatures vanquished.

Notes
Turn   | Place    | Note
-------+----------+-------------------------------------------
     0 | D:1      | Monsterracer the Troll Enchanter began the quest for the Orb.
     0 | D:1      | Reached XP level 1. HP: 16/16 MP: 1/1
   101 | D:1      | Reached skill level 1 in Unarmed Combat
   130 | D:1      | Reached XP level 2. HP: 26/26 MP: 2/2
   339 | D:1      | Reached skill level 2 in Unarmed Combat
   344 | D:1      | Reached skill level 1 in Fighting
   680 | D:2      | Reached XP level 3. HP: 31/33 MP: 3/3
   686 | D:2      | Noticed Natasha
   714 | D:2      | Killed Natasha
   755 | D:2      | Noticed Natasha
   762 | D:2      | Killed Natasha
   762 | D:2      | Reached skill level 3 in Unarmed Combat
   762 | D:2      | Reached XP level 4. HP: 29/41 MP: 4/4
   764 | D:2      | Noticed Natasha
   770 | D:2      | Killed Natasha
   953 | D:2      | You fall through a shaft for 2 floors!
  1005 | D:3      | HP: 19/42 [adder (4)]
  1010 | D:3      | HP: 17/42 [poisoned by an adder]
  1016 | D:3      | HP: 16/42 [poisoned by an adder]
  1022 | D:4      | HP: 17/42 [poisoned by an adder]
  1030 | D:4      | HP: 19/42 [poisoned by an adder]
  1094 | D:3      | Reached XP level 5. HP: 47/49 MP: 5/5
  1192 | D:2      | Found a faded altar of an unknown god.
  1213 | D:2      | Became a worshipper of Makhleb the Destroyer
  1213 | D:2      | Reached * piety under Makhleb
  1292 | D:2      | Reached skill level 4 in Unarmed Combat
  1347 | D:2      | Noticed Terence
  1362 | D:2      | Killed Terence
  1362 | D:2      | Reached skill level 1 in Shields
  1599 | D:3      | HP: 23/49 [adder (2)]
  1798 | D:3      | Reached XP level 6. HP: 54/59 MP: 6/6
  2272 | D:4      | Found a staircase to the Ecumenical Temple.
  2280 | D:4      | HP: 29/59 [orc wizard/magic dart (6)]
  2409 | D:4      | Reached ** piety under Makhleb
  2411 | D:4      | Reached skill level 5 in Unarmed Combat
  2411 | D:4      | Reached skill level 1 in Invocations
  2729 | D:5      | Entered Level 5 of the Dungeon
  2734 | D:5      | Reached XP level 7. HP: 67/67 MP: 7/7
  3235 | D:6      | Reached skill level 6 in Unarmed Combat
  3281 | D:6      | HP: 26/67 [orc priest/nerve-wracking pain (13)]
  3287 | D:6      | HP: 24/67 [orc (1)]
  3292 | D:6      | HP: 21/67 [orc/falchion (2)]
  3305 | D:6      | HP: 26/67 [hound (1)]
  3323 | D:6      | HP: 32/67 [adder (3)]
  3325 | D:6      | Reached XP level 8. HP: 45/75 MP: 8/8
  3404 | D:6      | Found a bloodstained altar of Trog.
  3485 | D:6      | Reached skill level 7 in Unarmed Combat
  3680 | D:6      | Found a glowing drain.
  3688 | Sewer    | Entered a sewer
  3690 | Sewer    | Reached *** piety under Makhleb
  3821 | Sewer    | Found a white marble altar of Elyvilon.
  4209 | D:6      | HP: 36/78 [centaur (5)]
  4375 | D:7      | Noticed a troll
  4381 | D:7      | Killed a troll
  4381 | D:7      | Reached XP level 9. HP: 66/85 MP: 10/10
  4470 | D:7      | Reached skill level 8 in Unarmed Combat
  4691 | D:7      | Paralysed by a hornet for 1 turns
  4694 | D:7      | HP: 35/84 [hornet (11)]
  4959 | D:7      | Found Coyx's Weapon Boutique.
  4972 | D:7      | Reached skill level 5 in Fighting
  5283 | D:8      | Reached **** piety under Makhleb
  5354 | D:8      | Reached skill level 9 in Unarmed Combat
  5446 | D:8      | Found a runed door.
  5475 | D:8      | Noticed melvinkitnick's ghost (novice GnAK)
  5491 | D:8      | HP: 36/87 [melvinkitnick's ghost (12)]
  5496 | D:8      | HP: 26/87 [melvinkitnick's ghost (7)]
  5501 | D:8      | HP: 23/87 [melvinkitnick's ghost (4)]
  5504 | D:8      | HP: 3/87 [melvinkitnick's ghost (9)]
  5511 | D:8      | HP: 14/88 [melvinkitnick's ghost (1)]
  5513 | D:8      | Slain by melvinkitnick's ghost

Skill      XL: |  1  2  3  4  5  6  7  8  9 |
---------------+----------------------------+-----
Unarmed Combat | 1 2 3 4 5 6 7 9 |  9.2
Fighting       | 1 2 3 4 5 |  5.2
Shields        | 1 2 3 4 |  4.7
Invocations    | 1 2 3 4 |  4.9
Short Blades   | |  0.7
Dodging        | |  1.5
Stealth        | |  1.5
Spellcasting   | |  1.2
Hexes          | |  2.0

Action                   |  1- 3 |  4- 6 |  7- 9 || total
-------------------------+-------+-------+-------++-------
Melee: Unarmed           |    88 |   174 |   383 ||   645
Evoke: Wand              |       |       |     2 ||     2
  Use: Scroll            |       |    10 |     3 ||    13
       Potion            |       |       |     2 ||     2
 Stab: Sleeping          |       |     2 |     4 ||     6
  Eat: Chunk             |    12 |    19 |    29 ||    60
Armor: Robe              |    30 |    43 |   100 ||   173
Dodge: Dodged            |    56 |    78 |   110 ||   244
Block: Shield            |       |    15 |   172 ||   187

Vault maps used:
D:1:      grunt_arrival_lava_bath
D:2:      chequers_ecumenical_altar_simple_redux, uniq_natasha, uniq_terence
D:3:      serial_curves, eino_curves_01, eino_curves_03, minmay_crystal_room,
          kennysheep_generic_room_4
D:4:      minmay_temple_entry_statues_pillars, first_ration
D:6:      portal_sewer_entry_e, trog_ov_bears_minmay
D:7:      serial_shops, shop, grunt_ogre_cave
D:8:      overflow_temple_1_default, erik_lair_dragon, enter_bailey_3,
          ebering_ghost_reflecting_pool
Sewer:    sewer_kobolds
